[Event "44th Chess Olympiad Open 2022"]
[Site "Chennai"]
[Date "2022.07.31"]
[Round "3.80"]
[White "Egbe, Kossi Thierry"]
[Black "Hair, Justin M"]
[Result "0-1"]
[WhiteElo "1703"]
[BlackElo "1505"]
[Annotator "NA"]
[PlyCount "76"]
[EventDate "2022.??.??"]
[TimeControl "60"]

1. e4 e6 2. d4 d5 3. exd5 exd5 4. c4 c6 5. c5 Nf6 6. Bd3 g6 7. Nf3 Bg7 8. O-O O-O 9. h3 b6 10. b4 Ba6 11. Nc3 Bxd3 12. Qxd3 b5 13.
Ne5 Nfd7 14. f4 Nxe5 15. fxe5 a5 16. bxa5 Rxa5 17. a4 bxa4 18. Rxa4 Rxa4 19. Nxa4 Nd7 20. Qa6 Qh4 21. Rd1 Nb8 22. Qa7 f6 23. e6 f5 24. Be3 Qe4 25. Bf2 Qxe6 26. Re1 Qd7 27. Qa8 Qc7 28. Re6 Qf4 29. g3 Qd2 30. Qa7 Bxd4 31. Bxd4 Qxd4+ 32. Kf1 f4 33. g4 f3 34. Re7 Qd3+ 35. Kf2 Qd4+ 36. Kf1 f2 37. Rf7 Qd1+ 38. Kg2 Qg1+ 0-1

[Event "44th Chess Olympiad Open 2022"]
[Site "Chennai"]
[Date "2022.07.31"]
[Round "3.80"]
[White "Conhoff, David"]
[Black "Strovsky, Mikhail"]
[Result "0-1"]
[WhiteElo "1460"]
[BlackElo "2158"]
[Annotator "RC"]
[PlyCount "88"]
[EventDate "2022.??.??"]
[TimeControl "60"]

1. d4 d5 2. Nf3 e6 3. Bf4 Nf6 4. h3 c5 5. e3 Nc6 6. c3 c4 7. a4 Be7 8. Be2 O-O 9. O-O Re8 10. Qc2 Qb6 11. Nbd2 Bd7 12. b3 cxb3 13. Nxb3 Rac8 14. a5 Qd8 15. Bd3 Nb4 16. Qd2 Nxd3 17. Qxd3 a6 18. Rfb1 Bb5 19. Qd1 Rxc3 20. Ne5 Nd7 21. Rc1 Rxc1 22. Qxc1 Nxe5 23. Bxe5 f6 24. Bc7 Qd7 25. Bb6 Bd6 26. Qd2 Rc8 27. Rc1 Rxc1+ 28. Qxc1 Kf7 29. Nc5 Qc6 30. f4 Bc7 31. Bxc7 Qxc7 32. Nb3 Qxc1+ 33. Nxc1 Bc4 34. Kf2 Ke7 35. g4 Kd6 36. Ne2 Bxe2 37. Kxe2 Kc6 38. Kd3 f5 39. g5 Kb5 40. h4 g6 41. Kc2 Kxa5 42. Kb2 Kb4 43. Ka1 Kc3 44. Kb1 Kd3 0-1

[Event "44th Chess Olympiad Open 2022"]
[Site "Chennai"]
[Date "2022.07.31"]
[Round "3.81"]
[White "Wane, Al Hassane"]
[Black "Kourakoumba, Florent"]
[Result "1-0"]
[WhiteElo "1750"]
[BlackElo "1677"]
[Annotator "NA RC"]
[PlyCount "131"]
[EventDate "2022.??.??"]
[TimeControl "60"]

1. d4 e6 2. c4 c5 3. e3 Nf6 4. Nf3 Be7 5. Bd3 Nc6 6. O-O b6 7. Nc3 O-O 8. d5 Nb4 9. d6 Bxd6 10. Bxh7+ Nxh7 11. Qxd6 Bb7 12. e4 Nc6 13. Rd1 Bc8 14. Nb5 a6 15. Nc3 Ra7 16. Qg3 f6 17. Rd6 Qe7 18. Be3 e5 19. Rad1 Nd4 20. Rxb6 Bb7 21. Bxd4 cxd4 22. Nd5 Bxd5 23. cxd5 d6 24. h4 Qc7 25. Rc6 Qd7 26. h5 Rc8 27. Rdc1 Rac7 28. h6 g5 29. Qh3 g4 30. Rxc7 Rxc7 31. Rxc7 Qxc7 32. Qxg4+ Kf8 33. Kh2 d3 34. b3 a5 35. Nd2 Ng5 36. f4 Nh7 37. Nc4 exf4 38. Qxf4 Qe7 39. Qe3 Ng5 40. Qxd3 Nxe4 41. Qh3 Ng5 42. Qc8+ Kf7 43. Qh8 Kg6 44. Qg7+ Qxg7 45. hxg7 Kxg7 46. Nxd6 Kf8 47. Nc4 Ke7 48. Kg3 Ne4+ 49. Kf4 Nc3 50. d6+ Ke6 51. a3 Nd5+ 52. Ke4 f5+ 53. Kd4 Nf4 54. Ne3 Ne2+ 55. Kc5 f4 56. Nd5 Kd7 57. Nb6+ Kd8 58. Kb5 Nd4+ 59. Kxa5 Nxb3+ 60. Kb4 Nd4 61. a4 Nf5 62. Kc5 Ne3 63. a5 Ke8 64. a6 Nxg2 65. a7 Ne3 66. a8=Q+ 1-0

[Event "44th Chess Olympiad Open 2022"]
[Site "Chennai"]
[Date "2022.07.31"]
[Round "3.81"]
[White "Koualet-Bebondi, Vianney Archeveq"]
[Black "Cisse, Amadou Lamine"]
[Result "1-0"]
[WhiteElo "1679"]
[BlackElo "2005"]
[Annotator "NA RC"]
[PlyCount "155"]
[EventDate "2022.??.??"]
[TimeControl "60"]

1. e4 c5 2. Nc3 Nc6 3. Bc4 g6 4. Nge2 Bg7 5. O-O e6 6. d3 Nge7 7. Bf4 d5 8. exd5 exd5 9. Bb5 O-O 10. Bxc6 Nxc6 11. Qd2 a6 12. Bh6 Be6 13. Bxg7 Kxg7 14. d4 c4 15. a3 Qf6 16. Na4 b5 17. Nc5 Rfe8 18.
Rae1 a5 19. c3 h6 20. Nf4 b4 21. Qe3 bxc3 22. bxc3 Qf5 23. Nfxe6+ fxe6 24. f4 Rab8 25. Re2 Kf7 26. Qf3 h5 27. h3 Re7 28. Ref2 h4 29. Re2 Qf6 30. Rfe1 a4 31. Qg4 Rbe8 32. Re3 Na5 33. Nxa4 Nb3 34. Nb2 Rb7 35. Na4 Ra7 36. Nb6 Rae7 37. a4 Rd8 38. Qg5 Nd2 39. a5 Ne4 40. Qe5 Qxe5 41. fxe5 Rc7 42. Rf3+ Kg7 43. Re2 Rf8 44. Rfe3 Rcf7 45. Kh2 Ng3 46. Rxg3 hxg3+ 47. Kxg3 Ra7 48. a6 Rxa6 49. Nd7 Rf1 50. Rb2 Ra7 51. Nc5 Re7 52. Rb6 Kf7 53. Ra6 Rc1 54. Ra3 g5 55. Kg4 Rc2 56. g3 Kg6 57. Ra6 Kf7 58. Ra3 Rg2 59. Kf3 Rg1 60. Kg4 Rg2 61. Ra6 Rc2 62. Ra3 Re8 63. Kxg5 Rg8+ 64. Kf4 Rf2+ 65. Ke3 Rc2 66. Kf3 Rh8 67. h4 Rf8 68. Kg4 Rg8+ 69. Kh3 Rb8 70. h5 Rb6 71. Kg4 Rg2 72. Ra7+ Kg8 73. Nd7 Rb3 74. Nf6+ Kf8 75. h6 Rxc3 76. Nh5 Rd3 77. h7 Rxd4+ 78. Kh3 1-0

[Event "44th Chess Olympiad Open 2022"]
[Site "Chennai"]
[Date "2022.07.31"]
[Round "3.82"]
[White "Bah, Ebrima"]
[Black "Mohamed Ali Djama"]
[Result "1-0"]
[WhiteElo "2078"]
[BlackElo "1629"]
[Annotator "NA"]
[PlyCount "171"]
[EventDate "2022.??.??"]
[TimeControl "60"]

1. e4 e5 2. Nf3 Nc6 3. Bb5 Nf6 4. O-O Bc5 5. c3 a6 6. Ba4 b5 7. Bb3 d6 8. d4 Bb6 9. Bg5 Bg4 10. Bd5 Qd7 11. dxe5 Nxe5 12. Nxe5 dxe5 13. Qe1 Nxd5 14. exd5 Qxd5 15. c4 Qe6 16. cxb5 axb5 17. Qb4 c6 18. Nc3 f6 19. Bh4 Kf7 20. a4 Ba5 21. Qc5 Bxc3 22. Qxc3 Rhd8 23. f3 Bf5 24. a5 Rd3 25. Qc5 Qd6 26. Rfc1 Rd1+ 27. Rxd1 Qxc5+ 28. Bf2 Qb4 29. a6 c5 30. a7 Bc2 31. Rdc1 Qc4 32. b3 Qxb3 33. Bxc5 Qd3 34. Kh1 Ba4 35. h3 Rc8 36. Bb6 Qd7 37. Rc7 Rxc7 38. a8=Q Rc8 39. Qe4 Qc6 40. Qg4 g6 41. Be3 f5 42. Qh4 Kg8 43. Rc1 Qd7 44. Rxc8+ Qxc8 45. Qe7 f4 46. Bc5 Qf5 47. Bd6 Bb3 48. Bxe5 Qf7 49. Qd8+ Qf8 50. Qc7 Bc4 51. Bxf4 Qf7 52. Qd8+ Qf8 53. Qd4 Qf7 54. Bh6 Qe7 55. Qf4 Qe1+ 56. Kh2 Qe7 57. Qb8+ Kf7 58. Qh8 Ke6 59. f4 Kd5 60. Bg5 Qf7 61. Qe5+ Kc6 62. Be7 Qe6 63. Qc5+ Kb7 64. Bd8 Qd7 65. Qb6+ Kc8 66. Bf6 Bd5 67. Be5 Bb7 68. Qf6 Ba8 69. Qh8+ Qd8 70. Qxh7 Be4 71. Qh8 b4 72. g4 b3 73. Kg3 Qxh8 74. Bxh8 Kd7 75. Kh4 Ke6 76. Kg5 Kf7 77. f5 Bc2 78. Bb2 Be4 79. h4 Bd3 80.
fxg6+ Bxg6 81. h5 Bc2 82. Kh6 Bd3 83. g5 Bf5 84. g6+ Kg8 85.
Kg5 Bd3 86. h6 1-0

[Event "44th Chess Olympiad Open 2022"]
[Site "Chennai"]
[Date "2022.07.31"]
[Round "3.82"]
[White "Garber, Ousainou"]
[Black "Mohamed Ali Dima"]
[Result "0-1"]
[WhiteElo "1772"]
[BlackElo "1582"]
[Annotator "NA RC"]
[PlyCount "36"]
[EventDate "2022.??.??"]
[TimeControl "60"]

1. d4 d5 2. Nf3 Bf5 3. e3 e6 4. c4 c6 5. cxd5 cxd5 6. Bb5+ Nd7 7. O-O Ngf6 8. Ne5 a6 9. Be2 Bd6 10. f4 Ne4 11. Nc3 Ndf6 12. Kh1 h5 13.
Qb3 Bxe5 14. dxe5 Ng4 15. Nxe4 Bxe4 16. h3 Qh4 17. Kg1 Qg3 18. Bf3 Qh2# 0-1

[Event "44th Chess Olympiad Open 2022"]
[Site "Chennai"]
[Date "2022.07.31"]
[Round "3.83"]
[White "Stratonowitsch, Andre"]
[Black "Drayton, Anthony"]
[Result "1-0"]
[WhiteElo "2142"]
[BlackElo "1928"]
[Annotator "NA RC"]
[PlyCount "141"]
[EventDate "2022.??.??"]
[TimeControl "60"]

1. e4 c6 2. d4 d5 3. exd5 cxd5 4. c4 Nf6 5. Nc3 Nc6 6. Nf3 Bg4 7. cxd5 Nxd5 8. Qb3 Bxf3 9. gxf3 e6 10. Qxb7 Nxd4 11. Bb5+ Nxb5 12. Qc6+ Ke7 13. Qxb5 Nxc3 14. bxc3 f6 15. Qb7+ Ke8 16. Be3 Qc8 17. Qxc8+ Rxc8 18. Bxa7 Rxc3 19. Ke2 Ra3 20. Bd4 Bd6 21. Rhb1 Ra4 22. Bc3 Rf8 23. Rb6 Bxh2 24. Rxe6+ Kf7 25. Re4 Rfa8 26. Rxa4 Rxa4 27. a3 Bd6 28. Bb2 h5 29. Rd1 Ke6 30. Kf1 Ra5 31. Rd3 Rg5 32. Bc1 Rc5 33. Bd2 Rc4 34. Kg2 g6 35. Rb3 Kd5 36. Bb4 Be5 37. Rd3+ Bd4 38. Rd2 Rc1 39. Be7 Rc6 40. Bb4 Kc4 41. Rc2+ Kb5 42. a4+ Kb6 43. Rxc6+ Kxc6 44. Kg3 Kd5 45. a5 Kc4 46. Bd2 Kb5 47. f4 f5 48. Be1 Bf6 49. Bd2 Bd8 50. Bc3 Bxa5 51. Bf6 Be1 52. Kf3 Kc4 53. Ke3 Bc3 54. Bd8 Bd4+ 55. Kf3 Kd3 56. Be7 Kd2 57. Bb4+ Bc3 58. Bc5 Ke1 59. Bb6 Kf1 60. Bc5 Kg1 61. Kg3 Be1 62. Bb6 Bxf2+ 63. Bxf2+ Kf1 64. Bc5 Ke2 65. Bb6 Kd3 66. Kf3 h4 67. Bd8 h3 68. Kg3 Ke4 69. Bg5 h2 70. Kxh2 Kf3 71. Kg1 1-0

[Event "44th Chess Olympiad Open 2022"]
[Site "Chennai"]
[Date "2022.07.31"]
[Round "3.83"]
[White "Ramachandran, R..."]
[Black "Lee, Ethan"]
[Result "0-1"]
[WhiteElo "1994"]
[BlackElo "1629"]
[Annotator "NA"]
[PlyCount "100"]
[EventDate "2022.??.??"]
[TimeControl "60"]

1. e4 e5 2. c4 Nf6 3. d3 Bc5 4. h3 c6 5. Nf3 d6 6. Qe2 O-O 7. Be3 Bxe3 8. Qxe3 Re8 9. Be2 d5 10. cxd5 cxd5 11. O-O d4 12. Qc1 Nc6 13. Nbd2 Nh5 14. Nc4 Nf4 15. Re1 Qf6 16. Nh4 Nxe2+ 17. Rxe2 Qxh4 18. Nd6 Re7 19. Qc5 Be6 20. Rc2 Qf6 21. b4 Nd8 22. Rac1 b6 23. Qb5 h6 24. Rc7 Rxc7 25. Rxc7 Bxa2 26. Qe8+ Kh7 27. Nf5 g6 28. Ne7 Qh8 29. Qa4 Ne6 30. Rb7 Bb1 31. Qb5 Qf6 32. Nd5 Qg7 33. Rd7 Nf4 34. Nxf4 exf4 35. Qc6 Rf8 36. Qc7 Bxd3 37. Qxa7 b5 38. Rxd4 Bc4 39. Rd7 Qf6 40. Qc5 Rd8 41. e5 Qg5 42. e6 Qxc5 43. bxc5 Re8 44. e7 b4 45. c6 Bb5 46. Rb7 Bxc6 47. Rxb4 f3 48. Rc4 Bd5 49. Rd4 Be6 50.
Rd8 Rxe7 0-1

[Event "44th Chess Olympiad Open 2022"]
[Site "Chennai"]
[Date "2022.07.31"]
[Round "3.83"]
[White "Neto, Roberto"]
[Black "Pillay, Ragul"]
[Result "1/2-1/2"]
[WhiteElo "1663"]
[BlackElo "1341"]
[Annotator "NA"]
[PlyCount "60"]
[EventDate "2022.??.??"]
[TimeControl "60"]

1. e4 c5 2. Nf3 Nc6 3. d4 cxd4 4. Nxd4 Nf6 5. Nc3 e6 6. Bf4 Bb4 7. f3 Qa5 8. Ndb5 e5 9. Be3 O-O 10. a3 Bxc3+ 11. Nxc3 h6 12. Bc4 Rd8 13. Qd6 Ne8 14. Qd5 Qxd5 15. Bxd5 Nc7 16. Ba2 b6 17. O-O Bb7 18. Rad1 Rac8 19. Rd2 Ne6 20. Nd5 Kf8 21. c3 Na5 22. Rfd1 Nc4 23. Bxc4 Rxc4 24. Nb4 Rc7 25. Nd3 f6 26. Nb4 Nc5 27. Bxc5+ bxc5 28. Nc2 Bc6 29. Ne3 Ba4 30. Rb1 Rb8 1/2-1/2

[Event "44th Chess Olympiad Open 2022"]
[Site "Chennai"]
[Date "2022.07.31"]
[Round "3.84"]
[White "Ashraf, Ahmed Ramadan"]
[Black "Escalante Ramirez, Brian Sebasti"]
[Result "0-1"]
[WhiteElo "1916"]
[BlackElo "2496"]
[Annotator "RC"]
[PlyCount "80"]
[EventDate "2022.??.??"]
[TimeControl "60"]

1. e4 Nf6 2. e5 Nd5 3. c4 Nb6 4. d4 d6 5. exd6 cxd6 6. Nf3 g6 7. Be2 Bg7 8. O-O O-O 9. Nc3 Nc6 10. h3 h6 11. Bf4 e5 12. Be3 Kh7 13.
a3 f5 14. dxe5 dxe5 15. Nd5 Bd7 16. Bxb6 axb6 17. Qb3 e4 18. Nh2 Nd4 19. Qd1 Ba4 20. Qd2 Nb3 21. Qb4 Nxa1 22. Rxa1 b5 23. Nf1 bxc4 24. Nb6 Ra7 25. Nxa4 Qa5 26. Qxa5 Rxa5 27. Nc3 b5 28. Rc1 Rd8 29. g3 Be5 30. Rc2 Kg7 31. h4 Kf6 32. Ne3 Bxc3 33.
Rxc3 Rd2 34. Rc2 Rxc2 35. Nxc2 g5 36. hxg5+ hxg5 37. Nd4 f4 38. Bg4 b4 39. Nc2 c3 40. bxc3 b3 0-1

[Event "44th Chess Olympiad Open 2022"]
[Site "Chennai"]
[Date "2022.07.31"]
[Round "3.84"]
[White "Enemchukwu Chinedu Benjamin"]
[Black "Muhammed, Shuaau"]
[Result "1/2-1/2"]
[WhiteElo "1889"]
[BlackElo "1987"]
[Annotator "NA RC"]
[PlyCount "94"]
[EventDate "2022.??.??"]
[TimeControl "60"]

1. e4 e5 2. d4 exd4 3. c3 dxc3 4. Nxc3 Bb4 5. Nf3 d6 6. Bc4 Bxc3+ 7. bxc3 Nc6 8. O-O Bg4 9. Qb3 Bxf3 10. Bxf7+ Kf8 11. Bxg8 Rxg8 12. gxf3 g5 13. c4 Ne5 14. Bb2 Ng6 15. c5 Nh4 16. cxd6 Qd7 17. Kh1 cxd6 18. Rad1 Qh3 19. Rg1 Qxf3+ 20. Qxf3+ Nxf3 21. Rg3 g4 22. h3 h5 23. hxg4 hxg4 24. Rxd6 Ke7 25. Rh6 Kd7 26. Rh7+ Kc6 27. Rg7 Rh8+ 28. Kg2 Rh2+ 29. Kf1 Rh1+ 30. Ke2 Re1+ 31. Kd3 Rd8+ 32. Kc3 Ne5 33. Kb3 Rxe4 34. Bxe5 Rxe5 35. R7xg4 Rd6 36. Rc4+ Kb6 37. f4 Rb5+ 38. Kc2 Rf6 39. Rf3 Rc5 40. Kd3 a5 41. Rxc5 Kxc5 42. Ke4 b5 43. f5 b4 44. Ke5 Rf8 45. f6 a4 46. f7 Kc4 47. Ke6 b3 1/2-1/2

[Event "44th Chess Olympiad Open 2022"]
[Site "Chennai"]
[Date "2022.07.31"]
[Round "3.85"]
[White "Thomas, Larry"]
[Black "Berardi, Giancarlo"]
[Result "1-0"]
[WhiteElo "1317"]
[BlackElo "1757"]
[Annotator "NA RC"]
[PlyCount "203"]
[EventDate "2022.??.??"]
[TimeControl "60"]

1. d4 d5 2. Nc3 Nf6 3. Bf4 c6 4. e3 Bf5 5. Bd3 Bxd3 6. cxd3 Nbd7 7. Nf3 e6 8. O-O Be7 9. e4 dxe4 10. dxe4 O-O 11. Qc2 h6 12. h3 Rc8 13. Rad1 Re8 14. Rfe1 Bb4 15. Qb3 Qb6 16. Bd2 Be7 17. Qc2 Qc7 18. Be3 Nb6 19. Qb3 Rcd8 20. a4 a5 21. d5 Bb4 22. d6 Rxd6 23. Rxd6 Qxd6 24. e5 Qc7 25. Bxb6 Qxb6 26. exf6 gxf6 27. Rd1 Qc7 28. Ne4 Kg7 29. Qd3 Rb8 30. Nh4 Qf4 31. Qg3+ Qxg3 32. Nxg3 b5 33. axb5 cxb5 34. Nf3 Bc5 35. Ne2 b4 36. Kf1 a4 37. Nc1 a3 38. b3 Ra8 39. Na2 Ra5 40. Ne1 Rb5 41. Nc2 Be7 42. Ke2 e5 43.
Rd7 Kf8 44. Ne3 Bc5 45. Nf5 Rb8 46. Nxh6 Kg7 47. Nxf7 Kg6 48. Nd6 Bd4 49. Rb7 Rd8 50. Nc4 Bc3 51. Nxc3 bxc3 52. Nxa3 Rd2+ 53. Ke1 Ra2 54. Rc7 Rxa3 55. Rxc3 e4 56. Ke2 f5 57. g3 Kg5 58. Ke3 Ra1 59. Kd2 Rb1 60. Ke3 Re1+ 61. Kd4 Rd1+ 62. Kc5 Rd2 63. f3 Rd3 64. f4+ Kf6 65. Kb4 Rd4+ 66. Ka3 Rd6 67. b4 Re6 68. Re3 Ra6+ 69. Kb3 Ke6 70. b5 Rb6 71. Kb4 Kd5 72. Ka5 Rb8 73. Ka6 Kd4 74. Re1 e3 75. b6 Kd3 76. Ka7 Rh8 77. b7 Kd2 78.
Rh1 e2 79. b8=Q Rxb8 80. Kxb8 e1=Q 81. Rxe1 Kxe1 82. h4 Kf2 83. h5 Kxg3 84. h6 Kxf4 85. h7 Ke3 86. h8=Q f4 87. Qc3+ Ke2 88. Qe5+ Kf3 89. Qe1 Kg2 90. Qe2+ Kg3 91. Qf1 f3 92. Kc7 f2 93. Kd6 Kf3 94. Kd5 Ke3 95. Kc4 Kf3 96. Kd3 Kg3 97. Ke3 Kh2 98.
Qxf2+ Kh1 99. Qf3+ Kh2 100. Qg4 Kh1 101. Kf2 Kh2 102. Qg2# 1-0

[Event "44th Chess Olympiad Open 2022"]
[Site "Chennai"]
[Date "2022.07.31"]
[Round "3.86"]
[White "Christopher, Art"]
[Black "Kovacova, Zuzana"]
[Result "0-1"]
[WhiteElo "1616"]
[BlackElo "2050"]
[Annotator "NA RC"]
[PlyCount "100"]
[EventDate "2022.??.??"]
[TimeControl "60"]

1. e4 e5 2. d4 exd4 3. Qxd4 Nc6 4. Qe3 d6 5. Nc3 g6 6. Bd2 Bg7 7. O-O-O Nf6 8. f4 Ng4 9. Qg3 Bd4 10. Nh3 h5 11. f5 Bf6 12. fxg6 fxg6 13. Nd5 Nce5 14. Kb1 Be6 15. Nhf4 Bf7 16. h3 Bh4 17. Qc3 Nf2 18.
Nxc7+ Ke7 19. Nxa8 Nxd1 20. Qc7+ Qxc7 21. Nxc7 Nf2 22. Rg1 Nxe4 23. Be3 a6 24. Bd3 Nxd3 25. cxd3 Nc5 26. g3 Kd7 27. gxh4 Kxc7 28. d4 Ne6 29. Nxg6 Rg8 30. Nf4 Rxg1+ 31. Bxg1 Nxf4 32. Kc2 Kc6 33. Be3 Nxh3 34. a3 Kd5 35. Kc3 Ke4 36. Bh6 Nf4 37. Kd2 Ne6 38. Kc3 Nxd4 39. Bf8 Nf5 40. Kb4 b6 41. Kc3 d5 42. Kd2 d4 43. Ke2 Bb3 44. Bb4 Nxh4 45. Bd2 Nf3 46. Bb4 d3+ 47. Kf2 d2 48.
Bxd2 Nxd2 49. Kg3 Nc4 50. Kh4 Bd1 0-1

[Event "44th Chess Olympiad Open 2022"]
[Site "Chennai"]
[Date "2022.07.31"]
[Round "3.87"]
[White "Kamara, Ansumana"]
[Black "Senglek, Khonsavanh"]
[Result "1/2-1/2"]
[WhiteElo "1896"]
[BlackElo "1253"]
[Annotator "NA"]
[PlyCount "172"]
[EventDate "2022.??.??"]
[TimeControl "60"]

1. e4 e6 2. d4 d5 3. Nc3 c5 4. exd5 exd5 5. dxc5 d4 6. Bb5+ Nc6 7. Qe2+ Be6 8. Ne4 a6 9. Bxc6+ bxc6 10. Nf3 Qd5 11. O-O Bxc5 12. Nxc5 Qxc5 13. Rd1 Ne7 14. Nxd4 Bc4 15. Qe1 O-O 16. Be3 Qe5 17. Nf3 Qb5 18. b3 Be6 19. c4 Qh5 20. Bc5 Qxc5 21. Qc3 Bg4 22. Re1 Bxf3 23. Qxf3 Ng6 24. g3 Rfe8 25. h4 Ne5 26. Qe4 Qe7 27. Kf1 Qe6 28. Qg2 Qg4 29. Re3 Nd7 30. Qxc6 Qh3+ 31. Kg1 Rec8 32. Qf3 Nf6 33. Rae1 h6 34. Re7 Qg4 35. Qb7 Qg6 36. Kg2 Nh5 37. Qf3 Rf8 38. c5 Rac8 39. b4 Qc6 40. a4 Qxf3+ 41. Kxf3 Nf6 42. R1e5 Rb8 43. Ra7 Rxb4 44. Rxa6 Rc8 45. Ra7 Rc4 46. Ree7 Ng4 47. Kg2 Rf8 48. Kf3 h5 49. Ra5 Rc3+ 50. Ke2 Rc2+ 51. Kd3 Rxf2 52. c6 Rc8 53. c7 Rf1 54. Rd5 Rd1+ 55. Kc4 Rc1+ 56. Kb5 R1xc7 57. Rxc7 Rxc7 58. a5 Nf6 59. Rd8+ Kh7 60. Kb6 Rc3 61. Rd4 Rxg3 62. a6 Ra3 63. Kb5 Ne8 64. Rd7 Kg6 65. a7 Nf6 66. Rc7 Kf5 67. Rxf7 g6 68.
Rc7 Ra1 69. Rc5+ Ke6 70. Rc6+ Ke5 71. Ra6 Rb1+ 72. Kc6 Rc1+ 73. Kb7 Rb1+ 74. Kc8 Rc1+ 75. Kd8 Rd1+ 76. Ke7 Rd7+ 77. Kf8 Rxa7 78. Rxa7 Ne4 79. Kg7 g5 80. Re7+ Kf5 81. Rxe4 Kxe4 82. hxg5 h4 83. g6 h3 84. Kf7 h2 85. g7 h1=Q 86. g8=Q Qf3+ 1/2-1/2

[Event "44th Chess Olympiad Open 2022"]
[Site "Chennai"]
[Date "2022.07.31"]
[Round "3.89"]
[White "Karelina, Polina"]
[Black "Ihsan Mohamed N T"]
[Result "1-0"]
[WhiteElo "1835"]
[BlackElo "1208"]
[Annotator "NA RC"]
[PlyCount "80"]
[EventDate "2022.??.??"]
[TimeControl "60"]

1. e4 d6 2. d4 d5 3. e5 Bf5 4. Nf3 Nc6 5. c3 e6 6. Bd3 Nh6 7. Bxh6 gxh6 8.
Bxf5 exf5 9. Qd3 Qd7 10. Nbd2 O-O-O 11. g3 Na5 12. Nh4 b5 13. Qxf5 Qxf5 14. Nxf5 h5 15. b3 Rg8 16. Nf3 Re8 17. O-O Rg4 18. Rfe1 Re6 19. h3 Rg8 20. N3h4 Rc6 21. Rac1 b4 22. cxb4 Bxb4 23. Rxc6 Nxc6 24. Rc1 Na5 25. Ne3 c6 26. Nxd5 Ba3 27. Rc2 Kd7 28. Nf6+ Kc7 29. Nxg8 a6 30. d5 Bf8 31. d6+ Kd7 32. Nf6+ Ke6 33. f4 Bg7 34. Nxh5 Bxe5 35. fxe5 Nb7 36. Rxc6 Kxe5 37. d7 Kd5 38. Rc8 Kd6 39. d8=Q+ Nxd8 40. Rxd8+ Kc7 1-0

[Event "44th Chess Olympiad Open 2022"]
[Site "Chennai"]
[Date "2022.07.31"]
[Round "3.91"]
[White "Dabuae, David"]
[Black "Stanley, Samson P."]
[Result "1-0"]
[WhiteElo "1707"]
[BlackElo "1877"]
[Annotator "NA RC"]
[PlyCount "25"]
[EventDate "2022.??.??"]
[TimeControl "60"]

1. e4 e6 2. d4 d5 3. Nc3 c5 4. Nf3 Nc6 5. exd5 exd5 6. Bb5 Bd7 7. O-O Qe7 8. Nxd5 Qd6 9. c4 O-O-O 10. Qa4 a6 11. Bf4 Bg4 12. Bxd6 a5 13.
Nb6# 1-0

[Event "44th Chess Olympiad Open 2022"]
[Site "Chennai"]
[Date "2022.08.01"]
[Round "4.1"]
[White "Vidit, Santosh Gujrathi"]
[Black "Fressinet, Laurent"]
[Result "1/2-1/2"]
[WhiteElo "2714"]
[BlackElo "2631"]
[Annotator "TA"]
[PlyCount "61"]
[EventDate "2022.??.??"]
[TimeControl "60"]

1. d4 d5 2. c4 e6 3. Nc3 Nf6 4. cxd5 exd5 5. Bg5 c6 6. e3 h6 7. Bh4 Bf5 8. Qf3 {[%emt 0:00:46] D35: Queen's Gambit Declined: Exchange Variation.} Bh7
{[%emt 0:00:12] 8...Be6 gains popularity.} 9. Bxf6 Qxf6 10. Qxf6 gxf6 11. Kd2 Nd7 12. Bd3 Bxd3 13. Kxd3 Rg8 14. g3 f5 15. Nf3 Nf6 16. Rhc1 Ne4 17. Ke2 Be7 {[%emt 0:03:39] [#]} 18. Ne5 $146 ({Predecessor:} 18. Ne1 h5 19. h4 a5 20. Nd3 Bd6 21. Kf3 a4 22. Ne2 Kd7
23. Nef4 Rh8 24. Rc2 {1-0 (73) Bok,B (2616)-Andreikin,D (2729) Chess.com INT
2022}) 18... a5 19. Na4 h5 20. h4 Ra7 21. Nd3 Bd6 22. Rc2 Ke7 23. Rb1 Rd8 24. Kd1 Rg8 25.
Ke2 Rd8 $1 26. Kf3 Rh8 27. Rbc1 Rg8 28. Rg1 Rh8 29. Rgc1 Rg8 30. Rg1 Rh8 $1 31. Rgc1 {[%emt 0:01:42]
Weighted Error Value: White=0.08 (flawless) /Black=0.03 (flawless)} ({White
should try} 31. Rd1 $14) 1/2-1/2

[Event "44th Chess Olympiad Open 2022"]
[Site "Chennai"]
[Date "2022.08.01"]
[Round "4.1"]
[White "Moussard, Jules"]
[Black "Harikrishna, Pentala"]
[Result "1/2-1/2"]
[WhiteElo "2672"]
[BlackElo "2720"]
[Annotator "TA"]
[PlyCount "104"]
[EventDate "2022.??.??"]
[TimeControl "60"]

1. e4 e5 2. Nf3 Nc6 3. Bb5 a6 4. Ba4 Nf6 5. O-O Be7 6. Re1 b5 7. Bb3 O-O 8. a4 b4 9. a5 d6 10. c3 Rb8 11. Bc4 (11. h3 $142) 11... Bg4 {
[%emt 0:04:05] C90: Closed Ruy Lopez with 7...d6: Early deviations.} (11...
Nxe4 {is interesting.} 12. Bd5 Nxf2 13. Kxf2 Nxa5 14. cxb4 c6) 12. h3 Bh5 {[%emt 0:00:14][%cal Yf6e4] [#]} 13. Bxa6 $146 ({
Predecessor:} 13. d3 bxc3 14. bxc3 Nxa5 15. Rxa5 Rxb1 16. g4 Bg6 17. Qc2 Rb8
18. Rxa6 Qc8 19. Kh2 {1-0 (41) Caruana,F (2806)-So,W (2772) Saint Louis 2021})
13... d5 {[%emt 0:00:14] The position is equal.} 14. exd5 Qxd5
{[%emt 0:00:04] [#] aiming for ...e4.} 15. d3 {[%emt 0:00:18] Black must now
prevent Bc4.} Bxf3 16. Qxf3 Qxf3 17. gxf3 bxc3 18. bxc3 Ra8 19. Bb7 {[%emt 0:00:52][%csl Ya8,Yc6] A strong pair of
Bishops.} Rxa5 20. Rxa5 Nxa5 21. Rxe5 Nxb7 22. Rxe7 Nc5 23. Rxc7 Nxd3 24. Be3 Nd5 25. Rd7 Nxe3 26. Rxd3 $11 {[%emt 0:00:00] Endgame KRN-KRN} Nc4 27. Nd2 Nxd2 28. Rxd2 {
[%emt 0:00:08] KR-KR} Ra8 29. c4 Kf8 30. Kg2 Ke7 31. Kg3 Ra3 32. Rd4 Rc3 33.
h4 h5 34. Re4+ Kd6 35. Kf4 g6 36. Kg3 Kd7 37. Kg2 Kd6 38. f4 (38. Rf4 $5 ) 38... f5 39. Rd4+ Kc5 40. Rd5+ Kc6 $1 41. Rd8 Rxc4 42. Rg8 Rxf4 43. Rxg6+ Kd5 44. Kg3 Ra4 45. Rg5 Ke5 46. Rxh5 Rg4+ 47. Kf3 Kf6 48. Rh6+ Kg7 49. Rh5 Kg6 {[%emt 0:00:00] Inhibits
Rg5+.} 50. Rh8 {[%emt 0:00:04] [#] Threatening mate with Rg8+.} Kg7 {[%emt 0:
00:06] Against Rg8+} 51. Rh5 {[%emt 0:00:03] White threatens Rg5+ and mate.}
Kg6 {[%emt 0:00:05] Inhibits Rg5+.} 52. Rh8 {[%emt 0:00:04] Intending Rg8+ and
mate.} Kg7 {[%emt 0:00:04] Against Rg8+. An even fight not without its
subleties. Weighted Error Value: White=0.03 (flawless) /Black=0.01 (flawless)}
1/2-1/2